 Dungeon Crawl Stone Soup version 0.29.0-7-g18a832c13a (webtiles) character file.

Game seed: 4571473129640798934

11 LunaticDancer the Trooper (level 2, 27/27 HPs)
             Began as a Hill Orc Fighter on Aug 31, 2022.
             Quit the game on level 1 of the Dungeon.
             The game lasted 00:04:54 (698 turns).

LunaticDancer the Trooper (Hill Orc Fighter)         Turns: 698, Time: 00:04:55

Health: 27/27      AC:  8    Str: 18    XL:     2   Next: 25%
Magic:  0/0        EV:  9    Int:  8    God:
Gold:   30         SH:  4    Dex: 10    Spells: 1/1 levels left

rFire   . . .      SeeInvis .   a - +2 hand axe (antimagic)
rCold   . . .      Faith    .   c - +0 buckler
rNeg    . . .      Spirit   .   j - +0 scale mail
rPois   .          Reflect  .   g - +0 helmet
rElec   .          Harm     .   (no cloak)
rCorr   .          Rampage  .   (no gloves)
Will    .....                   (no boots)
Stlth   ..........              (no amulet)
HPRegen 0.09/turn               (no ring)
MPRegen 0.07/turn               (no ring)

@: no status effects
A: no striking features
a: no special abilities


You were on level 1 of the Dungeon.
You visited 1 branch of the dungeon, and saw 1 of its levels.

You collected 30 gold pieces.

Inventory:

Hand Weapons
 a - a +2 antimagic hand axe (weapon)
 b - a +2 vampiric hand axe
 e - a +0 war axe
Missiles
 f - a throwing net (quivered)
Armour
 c - a +0 buckler (worn)
 g - a +0 helmet (worn)
 j - a +0 scale mail (worn)
Scrolls
 h - a scroll of noise {unknown}
 i - a scroll of amnesia {unknown}
 l - a scroll of butterflies {unknown}
 m - a scroll of magic mapping {unknown}
 n - a scroll of brand weapon {unknown}
Potions
 d - a potion of might
 k - a potion of heal wounds {unknown}
 o - a potion of degeneration {unknown}
 p - a potion of haste {unknown}


   Skills:
 + Level 3.9 Fighting
 * Level 3.0 Axes
 + Level 3.5 Armour
 + Level 3.5 Shields


You had one spell level left.
You didn't know any spells.
Your spell library contained the following spells:

 Spells                   Type           Power      Damage    Failure   Level
 Ignite Poison            Fire/Tmut/Pois 0%         N/A       99%         3
 Mephitic Cloud           Conj/Pois/Air  0%         N/A       99%         3
 Freezing Cloud           Conj/Ice/Air   0%         6-21      100%        5


Dungeon Overview and Level Annotations

Branches:
Dungeon (1/15)

Altars:


Message History

You block the bat's attack.
You slash the bat!
You kill the bat!
You hit the giant cockroach.
The giant cockroach bites you but does no damage.
You barely miss the giant cockroach.
The giant cockroach is severely wounded.
The giant cockroach closely misses you. The giant cockroach misses you.
You hit the giant cockroach.
You kill the giant cockroach!
Your Axes skill increases to level 3!
Found a stone staircase leading down.
There is a stone staircase leading down here.
You open the door. You open the door.
There is an open door here.
Found a stone staircase leading down.
There is a stone staircase leading down here.
You open the door.
There is an open door here.
You pick up a Trismegistus Codex and begin reading...
You add the spells Ignite Poison, Mephitic Cloud and Freezing Cloud to your library.
You open the door.
There is an open door here.
You open the door.
There is an open door here.
There is an open door here.
There is an open door here.
There is an open door here.
p - a fizzy sapphire potion You open the door.
Found a club.
Save game and exit?
Welcome back, LunaticDancer the Hill Orc Fighter.
Press ? for a list of commands and other information.
Unknown command.
Saving game... please wait.
Welcome back, LunaticDancer the Hill Orc Fighter.
Press ? for a list of commands and other information.
Are you sure you want to abandon this character and quit the game? (Confirm with "yes".)

......#######.##.##..####......##
......# #.##.##..## #......#
......# ####+##.##...# #......##
......# .... #.##...# #......##
......# ..... #.##...# #......##
......# ..... #.##...# #......##
.....)# ......#.##...# #......##
......# ......#.##..## #......##
####### ......'@....# #......## #
.)....#.##.#####......## # #+##.
#.##.............. # #
#................. #
####.############# # #.# # #.#
#######.# #.......#


There were no monsters in sight!

Vanquished Creatures
  2 ball pythons (D:1)
  2 endoplasms (D:1)
  A giant cockroach (D:1)
  A kobold (D:1)
  A quokka (D:1)
  A bat (D:1)
  A rat (D:1)
9 creatures vanquished.

Notes
Turn   | Place    | Note
-------+----------+-------------------------------------------
     0 | D:1      | LunaticDancer the Hill Orc Fighter began the quest for the
                  | Orb.
     0 | D:1      | Reached XP level 1. HP: 19/19 MP: 1/1
   448 | D:1      | Reached XP level 2. HP: 27/27 MP: 0/2
   698 | D:1      | Quit the game

Illustrated notes

Levels and vault maps discovered:
D:1:      psy_arrival_basics, layout_basic

Skill      XL: |  1  2 |
---------------+-------+-----
Axes           | 3 |  3.0
Fighting       | |  3.9
Armour         | |  3.5
Shields        | |  3.5

Action                   || total
-------------------------++-------
Melee: Hand axe          ||    16
       War axe           ||     2
Armor: Scale mail        ||     7
Dodge: Dodged            ||     8
Block: Buckler           ||     4
